 Dungeon Crawl Stone Soup version 0.30-a0-568-g124715a40b (webtiles) character file.

Game seed: 11974279796969416545

19048 lunkers the Basher (level 13, -1/174 HPs)
             Began as a Meteoran Berserker on Dec 29, 2022.
             Was a High Priest of Trog.
             Slain by a death yak (6 damage)
             ... on level 5 of the Lair of Beasts.
             The game lasted 00:15:39 (5280 turns).

lunkers the Basher (Meteoran Berserker)             Turns: 5280, Time: 00:15:39

Health: -1/174     AC: 17    Str: 22    XL:     13   Next: 29%
Magic:  0/32       EV: 13    Int:  9    God:    Trog [*****.]
Gold:   640        SH:  0    Dex: 16    Spells: 12/12 levels left

rFire   + . .      SeeInvis .    a - +1 demon whip (venom)
rCold   . . .      Faith    .    (no shield)
rNeg    . . .      Spirit   +    P - +2 chain mail {rF+}
rPois   .          Reflect  .    (no helmet)
rElec   .          Harm     .    t - +2 cloak of the Buccaneer {MP+9}
rCorr   .          Rampage  .    (no gloves)
Will    +....                    (no boots) Stlth
                                 m - amulet of guardian spirit
HPRegen 0.49/turn                g - ring of magical power
MPRegen 0.23/turn                (no ring)

@: berserking (expiring), glowing, very quick
A: sense surroundings 2, otherworldly, glowing, explore regen
a: Renounce Religion, Berserk, Trog's Hand, Brothers in Arms


You were on level 5 of the Lair of Beasts.
You worshipped Trog.
Trog was extremely pleased with you.
You visited 2 branches of the dungeon, and saw 13 of its levels.
You also visited: Sewer and Volcano.

You collected 903 gold pieces.
You spent 263 gold pieces at shops.

Inventory:

Hand Weapons
 a - a +1 demon whip of venom (weapon)
 b - the +3 flail of Dim Light {freeze, +Blink rF++}
   (You bought it in a shop on level 7 of the Dungeon)

   It freezes those it strikes, dealing additional cold damage.
   It can also slow down cold-blooded creatures.
   rF:        It greatly protects you from fire.
   +Blink:    It lets you blink.
 p - a +1 hand axe of freezing
 w - a +0 arbalest
 H - a +3 scimitar
 J - a +3 flail of venom
 K - a +1 triple sword of flaming
 L - a +1 quick blade of flaming
 M - a +2 hand crossbow of flaming
 N - a +2 dire flail of flaming
 O - a +2 great sword of flaming
Missiles
 z - 6 throwing nets
 B - a curare-tipped dart
 D - 7 poisoned darts
Armour
 d - a scarf of repulsion
 q - a +1 ring mail of poison resistance
 t - the +2 cloak of the Buccaneer (worn) {MP+9}
   (You found it on level 4 of the Dungeon)

   MP:        It affects your magic capacity (+9).
 F - a scarf of repulsion
 P - a +2 chain mail of fire resistance (worn)
Jewellery
 g - a ring of magical power (left hand)
 m - an amulet of guardian spirit (around neck)
 s - a +6 ring of intelligence
Scrolls
 i - 6 scrolls of teleportation
 k - a scroll of torment
 C - a scroll of fear
Potions
 c - 4 potions of magic
 e - a potion of brilliance
 f - 2 potions of degeneration {unknown}
 h - a potion of lignification {unknown}
 l - 6 potions of haste
 n - 2 potions of curing {unknown}
 o - 4 potions of flight
 r - 6 potions of heal wounds
 u - 2 potions of invisibility {unknown}
 v - 2 potions of attraction {unknown}
 x - a potion of mutation {unknown}
 A - a potion of might {unknown}
 G - a potion of resistance {unknown}
 I - a potion of cancellation {unknown}
Miscellaneous
 j - a box of beasts
 y - a condenser vane (inert)


   Skills:
 * Level 11.0 Fighting
 - Level 14.0 Maces & Flails
 + Level 10.9 Armour
 + Level 11.0 Dodging
 - Level 10.0 Evocations


You had 12 spell levels left.
You didn't know any spells.
Your spell library was empty.

Dungeon Overview and Level Annotations

Branches:
Dungeon (8/15) Zot: 1260     Lair (5/5) D:8 Zot: 2192   Sewer (visited)
Volcano (visited)
 Temple: D:4-7        Swamp: Lair:2-3    Shoals: Lair:2-3     Snake: Lair:2-3
 Spider: Lair:2-3     Slime: Lair:4-5

Altars:
Cheibriados
Makhleb
Nemelex Xobeh
Okawaru

Shops:
D:7 (


Innate Abilities, Weirdness & Mutations

You passively map the area around you.
You are easily found by Zot.
You glow in the dark.
You regain HP and MP as you explore.


Message History

The death yak gores you.
* * * LOW MAGIC WARNING * * *
* * * LOW HITPOINT WARNING * * *
The death yak gores you but does no damage.
You hit the death yak.
The death yak looks as sick as possible!
The death yak is almost dead.
Unknown command.
Unknown command.
Unknown command.
You whack the death yak!
You kill the death yak!
Trog accepts your kill.
Trog will now gift you melee weapons as you gain piety.
Your Fighting skill increases to level 11!
Your Dodging skill increases to level 11!
Unknown command.
Unknown command.
You whack the death yak!
The death yak looks as sick as possible!
The death yak is moderately wounded.
The death yak misses you.
Unknown command.
Unknown command.
You barely miss the death yak.
The death yak is lightly wounded.
Unknown command.
You whack the death yak!
The death yak looks as sick as possible!
The death yak is heavily wounded.
Unknown command.
You hit the death yak but do no damage.
The death yak looks as sick as possible!
The death yak is heavily wounded.
Unknown command.
You barely miss the death yak.
The death yak is heavily wounded.
The death yak is struck by lightning.
The death yak gores you!
* * * LOW MAGIC WARNING * * *
You die...

*
....≈~........#*
,,, , *
..~≈~~≈.......# *
..~≈≈≈~~.....#*
** ,
..~≈≈~~~.....# ,
, ,,*,
.~~≈≈~.......## ,
, .~≈≈≈~.<......#
,
.~≈≈≈~~......##**
,, .~~≈≈≈≈.....##
, *, ,,
..~~≈§§Y@...# , ,
,
...~§§§§§..####,
, *
,?.#.§.l§......#
, ,
,.P..#§§#+#...##
, , ,* , .....#.
...# ** ,* ,* ,
#...##. ...# *, ,
##.#*.. #...# , ,
,* ,*,, #. ..
*...# ,*,, * , ,
., ..# * ./## ,,
,


You could see a death yak (extremely poisoned) and a wyvern.

Vanquished Creatures
  Harold (Lair:2)
  2 hydras
  A catoblepas (Lair:5)
  3 death yaks (Lair:5)
  Amaemon (Lair:2)
  The ghost of Pokonic1 the Protected, a novice DsFi of Qazlal (D:7)
  2 skeletal warriors (Volcano)
  An anaconda skeleton (Volcano)
  5 elephants (Lair:2)
  2 black mambas
  3 cane toads (Lair:2)
  An orange demon (Lair:2)
  5 gargoyles (Volcano)
  2 komodo dragons
  A troll (D:8)
  2 polar bears
  2 harpy skeletons (Volcano)
  A hornet (Lair:3)
  3 flying skulls (Volcano)
  An alligator skeleton (Volcano)
  5 yaks (Lair:4)
  A steam dragon (D:8)
  Edmund (D:6)
  8 water moccasins
  An ice beast (D:8)
  2 black bears
  An orc warrior (D:8)
  A sky beast (D:8)
  A centaur (D:6)
  2 phantoms
  2 kobold brigands (Sewer)
  A necrophage (D:5)
  A gnoll sergeant (D:8)
  9 bullfrogs
  3 scorpions
  6 wights
  A killer bee (D:7)
  4 troll skeletons (Volcano)
  2 spriggan skeletons (Volcano)
  An electric eel (Lair:3)
  A howler monkey (D:7)
  4 jellies
  8 hounds
  3 orc priests
  3 iguanas
  5 orc wizards
  A naga skeleton (Volcano)
  Robin (D:2)
  3 gnolls (D:8)
  10 adders
  A river rat (Sewer)
  A white imp (D:7)
  2 ufetubi (D:7)
  3 worms
  34 orcs
  5 bats
  5 endoplasms
  7 giant cockroaches
  12 goblins
  9 hobgoblins
  6 quokkas
  7 ball pythons
  12 kobolds
  5 rats
241 creatures vanquished.

Vanquished Creatures (others)
  7 fungi
  5 plants
12 creatures vanquished.

Grand Total: 253 creatures vanquished

Notes
Turn   | Place    | Note
-------+----------+-------------------------------------------
     0 | D:1      | lunkers the Meteoran Berserker began the quest for the Orb.
     0 | D:1      | Reached XP level 1. HP: 19/19 MP: 2/2
    95 | D:1      | Reached XP level 2. HP: 26/26 MP: 3/3
   199 | D:1      | Reached skill level 5 in Maces & Flails
   313 | D:1      | Reached XP level 3. HP: 28/31 MP: 4/4
   390 | D:2      | Reached ** piety under Trog
   399 | D:2      | Noticed Robin
   454 | D:2      | Killed Robin
   455 | D:2      | Reached skill level 6 in Maces & Flails
   455 | D:2      | Reached XP level 4. HP: 20/38 MP: 5/5
   883 | D:3      | Reached skill level 7 in Maces & Flails
   883 | D:3      | Reached XP level 5. HP: 45/45 MP: 6/6
  1186 | D:3      | Reached *** piety under Trog
  1187 | D:3      | Reached XP level 6. HP: 46/51 MP: 7/7
  1198 | D:3      | Reached skill level 8 in Maces & Flails
  1407 | D:4      | Reached skill level 9 in Maces & Flails
  1462 | D:4      | Reached XP level 7. HP: 35/57 MP: 8/8
  1586 | D:4      | Identified the +2 cloak of the Buccaneer {MP+9}
  1597 | D:4      | Found a burning altar of Makhleb.
  1818 | D:5      | Entered Level 5 of the Dungeon
  1909 | D:5      | Reached skill level 10 in Maces & Flails
  2089 | D:5      | Reached skill level 11 in Maces & Flails
  2089 | D:5      | Reached XP level 8. HP: 52/63 MP: 9/9
  2259 | D:5      | Found a snail-covered altar of Cheibriados.
  2360 | D:5      | Found a glowing drain.
  2383 | Sewer    | Entered a sewer
  2447 | Sewer    | Reached **** piety under Trog
  2659 | Sewer    | Reached skill level 12 in Maces & Flails
  2675 | Sewer    | Identified a scroll of acquirement
  2675 | Sewer    | Acquired a condenser vane
  2764 | D:6      | Reached skill level 1 in Evocations
  2826 | D:6      | Noticed Edmund
  2850 | D:6      | Killed Edmund
  2851 | D:6      | Gained mutation: You passively map the area around you.
                  | [Meteoran growth]
  2851 | D:6      | Reached XP level 9. HP: 71/71 MP: 10/10
  3203 | D:7      | Reached skill level 13 in Maces & Flails
  3220 | D:7      | Found Lateozuf's Antique Weapon Emporium.
  3233 | D:7      | Bought a translucent flail for 263 gold pieces
  3233 | D:7      | Identified the +3 flail of Dim Light {freeze, +Blink rF++}
                  | (You bought it in a shop on level 7 of the Dungeon)
  3294 | D:7      | Found a runed translucent door.
  3294 | D:7      | Noticed Pokonic1's ghost (novice DsFi)
  3314 | D:7      | Killed Pokonic1's ghost
  3315 | D:7      | Reached skill level 5 in Fighting
  3315 | D:7      | Reached skill level 5 in Armour
  3315 | D:7      | Reached skill level 5 in Dodging
  3315 | D:7      | Reached skill level 5 in Evocations
  3315 | D:7      | Reached XP level 10. HP: 81/81 MP: 11/11
  3520 | D:7      | Found an iron altar of Okawaru.
  3682 | D:8      | Found a sparkling altar of Nemelex Xobeh.
  3691 | D:8      | Reached skill level 14 in Maces & Flails
  3727 | D:8      | Found a staircase to the Lair.
  3878 | Lair:1   | Entered Level 1 of the Lair of Beasts
  4102 | Lair:2   | Noticed a five-headed hydra
  4102 | Lair:2   | Noticed Harold
  4105 | Lair:2   | Noticed a cane toad
  4108 | Lair:2   | Killed a five-headed hydra
  4109 | Lair:2   | Reached XP level 11. HP: 91/91 MP: 12/12
  4123 | Lair:2   | Killed Harold
  4135 | Lair:2   | Noticed Amaemon
  4142 | Lair:2   | Killed Amaemon
  4204 | Lair:2   | Noticed an elephant
  4206 | Lair:2   | Noticed an elephant
  4206 | Lair:2   | Noticed an elephant
  4206 | Lair:2   | Noticed a black mamba
  4221 | Lair:2   | Noticed an elephant
  4222 | Lair:2   | Killed a black mamba
  4225 | Lair:2   | Noticed an elephant
  4228 | Lair:2   | Killed an elephant
  4238 | Lair:2   | Killed an elephant
  4248 | Lair:2   | Killed an elephant
  4250 | Lair:2   | Killed an elephant
  4259 | Lair:2   | Killed an elephant
  4259 | Lair:2   | Reached ***** piety under Trog
  4260 | Lair:2   | Reached XP level 12. HP: 46/101 MP: 13/13
  4380 | Lair:2   | Found a dark tunnel.
  4385 | Volcano  | Entered a volcano
  4432 | Volcano  | Reached skill level 10 in Evocations
  4635 | Volcano  | Noticed a skeletal warrior
  4654 | Volcano  | Killed a skeletal warrior
  4704 | Volcano  | Noticed a skeletal warrior
  4723 | Volcano  | Killed a skeletal warrior
  4738 | Volcano  | Reached skill level 10 in Dodging
  4926 | Lair:3   | Reached skill level 10 in Armour
  5183 | Lair:4   | Reached skill level 10 in Fighting
  5196 | Lair:4   | Reached XP level 13. HP: 72/113 MP: 14/14
  5210 | Lair:5   | Entered Level 5 of the Lair of Beasts
  5214 | Lair:5   | Noticed a death yak
  5214 | Lair:5   | Noticed a death yak
  5216 | Lair:5   | Noticed a catoblepas
  5218 | Lair:5   | Noticed a death yak
  5221 | Lair:5   | Noticed a six-headed hydra
  5233 | Lair:5   | Noticed a death yak
  5242 | Lair:5   | Killed a death yak
  5255 | Lair:5   | Killed a catoblepas
  5261 | Lair:5   | Killed a six-headed hydra
  5267 | Lair:5   | Killed a death yak
  5270 | Lair:5   | HP: 8/172 [death yak (10)]
  5275 | Lair:5   | Killed a death yak
  5280 | Lair:5   | Slain by a death yak

Illustrated notes

Levels and vault maps discovered:
D:1:      ncdulo_smallfort, layout_loops_ring,
          dreamdust_ecumenical_altar_drowned_temple, serial_shops,
          nicolae_lakefront_shop
D:2:      layout_basic, uniq_robin
D:3:      cheibrodos_pilgrimage, layout_loops_corners, serial_shops, shop
D:4:      layout_loops_ring, mainiacjoe_overflow_brackets,
          minmay_temple_entry_junction, uniq_grinder
D:5:      layout_rooms, lemuel_round_altar, portal_sewer_entry_f, st_stairs_11,
          minmay_splitting_lines, minmay_starry_boxes
D:6:      layout_cave_pools, minmay_misc_feat_tower, minmay_misc_feat_ornament,
          uniq_edmund
D:7:      layout_rooms, mainiacjoe_overflow_alcove_2, serial_shops,
          nicolae_shop_waterfront, gammafunk_ghost_grave, st_stairs_3
D:8:      layout_rooms, lemuel_crystal_altar,
          mainiacjoe_overflow_surrounded_room, lair_entry_dummy
Lair:1:   layout_long_grid
Lair:2:   layout_misc_corridors, enter_volcano_4,
          nicolae_lair_grove_arrangements, uniq_harold, uniq_gastronok,
          uniq_amaemon
Lair:3:   layout_regular_city, minmay_shoals_entry_lonely_mermaid,
          guppyfry_snake_entry_garden, serial_bayou_shore_a
Lair:4:   layout_regular_city
Lair:5:   wormcave, layout_misc_corridors, hangedman_lair_in_review,
          nicolae_slime_entry_slimehenge, wad_woods_03, grunt_megastairs_4,
          infiniplex_staircase_pool

Skill      XL: |  1  2  3  4  5  6  7  8  9 10 11 12 13 |
---------------+----------------------------------------+-----
Maces & Flails | 5 6 7 9 11 12 13 14 | 14.0
Armour         | 3 5 6 8 10 | 10.9
Dodging        | 3 5 6 8 10 11 | 11.0
Evocations     | 2 5 6 9 10 | 10.0
Fighting       | 5 6 8 10 11 | 11.0

Action                   |  1- 3 |  4- 6 |  7- 9 | 10-12 | 13-15 || total
-------------------------+-------+-------+-------+-------+-------++-------
Melee: Mace              |   110 |    12 |       |       |       ||   122
       Punch             |     1 |       |     6 |     5 |       ||    12
       Flail             |       |    95 |   338 |   154 |       ||   587
       Demon whip        |       |       |       |   316 |    59 ||   375
 Fire: Arbalest          |       |       |     7 |       |       ||     7
Invok: Berserk           |     1 |     1 |     2 |     6 |     1 ||    11
       Trog's Hand       |     1 |       |       |     3 |       ||     4
Evoke: Condenser vane    |       |       |     1 |     1 |     1 ||     3
  Use: Scroll            |     1 |     3 |     3 |     7 |       ||    14
 Stab: Petrified         |       |       |       |       |     9 ||     9
       Petrifying        |       |       |       |       |     1 ||     1
Armor: Animal skin       |     9 |       |       |       |       ||     9
       Scale mail        |    77 |    24 |       |       |       ||   101
       Ring mail         |       |    11 |   129 |    93 |       ||   233
       Chain mail        |       |       |       |    46 |    21 ||    67
Dodge: Dodged            |    68 |    49 |   138 |   208 |    15 ||   478

Table legend: (Time is in decaauts)
 A = Elapsed time spent in this place.
 B = Non-inter-level travel time spent in this place.
 C = Inter-level travel time spent in this place.
 D = Time resting spent in this place.
 E = Time spent auto-exploring this place.
 F = Levels seen in this place.
 G = Mean time per level.
                   A        B        C        D        E       F      G
               +--------+--------+--------+--------+--------+-----+--------+
         Total |   5170 |   4758 |    412 |      0 |   2606 |  15 |  344.7 |
       Dungeon |   3539 |   3222 |    317 |      0 |   2110 |   8 |  442.4 |
          Lair |    806 |    711 |     95 |      0 |    293 |   5 |  161.2 |
         Sewer |    377 |    377 |      0 |      0 |    188 |   1 |  377.0 |
       Volcano |    447 |    447 |      0 |      0 |     15 |   1 |  447.0 |
               +--------+--------+--------+--------+--------+-----+--------+

Top non-repeatable levels by time:
     D:5: 590 daAuts
     D:3: 520 daAuts
     D:2: 501 daAuts
     D:4: 477 daAuts
 Volcano: 447 daAuts
     D:6: 429 daAuts
   Sewer: 377 daAuts
     D:7: 368 daAuts
     D:1: 348 daAuts
  Lair:2: 325 daAuts
     D:8: 303 daAuts
  Lair:1: 188 daAuts
  Lair:3: 159 daAuts
  Lair:4: 98 daAuts
  Lair:5: 35 daAuts
